 Dungeon Crawl Stone Soup version 0.26-a0-810-ge1a9524b62 (webtiles) character file.

Game seed: 10045398581758293845

183 robertstho the Poker (level 5, -11/41 HPs)
             Began as a Merfolk Gladiator on Nov 12, 2020.
             Blown up by Ijyb (20 damage)
             ... with a disintegration bolt
             ... on level 3 of the Dungeon.
             The game lasted 00:02:04 (2089 turns).

robertstho the Poker (Merfolk Gladiator)            Turns: 2089, Time: 00:02:04

Health: -11/41     AC:  7    Str: 15    XL:     5   Next: 62%
Magic:  5/5        EV: 14    Int:  7    God:
Gold:   99         SH:  0    Dex: 16    Spells: 4/4 levels left

rFire    . . .     SeeInvis .   a - +0 trident
rCold    . . .     Faith    .   (no shield)
rNeg     . . .     Spirit   .   l - +0 ring mail (curse)
rPois    .         Reflect  .   c - +0 helmet
rElec    .         Harm     .   k - +0 cloak
rCorr    .         Rampage  .   (no gloves)
MR       .....                  (no boots)
Stlth    +.........             (no amulet)
HPRegen  0.13/turn              (no ring)
MPRegen  0.09/turn              (no ring)

@: attractive
A: change form in water, swift swim, stealthy swim
a: no special abilities


You were on level 3 of the Dungeon.
You visited 1 branch of the dungeon, and saw 3 of its levels.

You collected 99 gold pieces.

Inventory:

Hand Weapons
 a - a +0 trident (weapon)
Missiles
 d - 3 throwing nets (quivered)
Armour
 c - a +0 helmet (worn)
 k - a +0 cloak (worn)
 l - a cursed +0 ring mail (worn)
Jewellery
 o - an uncursed amulet of regeneration {unknown}
Scrolls
 e - a scroll of magic mapping {unknown}
 i - a scroll of enchant armour {unknown}
 j - a scroll of remove curse {unknown}
 m - a scroll of fear {unknown}
Potions
 b - a potion of lignification {unknown}
 g - a potion of flight {unknown}
 h - a potion of attraction
 n - 2 potions of degeneration {unknown}


   Skills:
 * Level 3.0 Fighting
 * Level 6.7 Polearms
 + Level 2.1 Throwing
 + Level 0.8 Armour
 * Level 5.3 Dodging
 + Level 1.1 Stealth


You had 4 spell levels left.
You didn't know any spells.
Your spell library was empty.

Dungeon Overview and Level Annotations

Branches:
Dungeon (3/15)

Altars:

Annotations:
D:3 1 runed translucent door, Ijyb; Sun's ghost, amateur KoDe


Message History

You are too injured to fight recklessly!
You are too injured to fight recklessly!
You are too injured to fight recklessly!
You are too injured to fight recklessly!
Unknown command.
It was a potion of heal wounds.
You feel much better.
A goblin comes into view. It is wielding a +0 dagger.
Ijyb zaps a wand.
You barely resist.
The orc priest calls down the wrath of Beogh upon you.
Beogh smites you!
The goblin shouts!
You hear a shout!
You feel much better.
You hear a shout! x3
Ijyb zaps a wand.
You are blasted!
Ouch! That really hurt!
* * * LOW HITPOINT WARNING * * *
It was a potion of attraction.
You feel attractive to monsters.
Ijyb zaps a wand.
You are blasted!
You die...

......#.#.# ##
#.#####.#.#
#.........#
#######.####
#........####
#.##........# #
#..##.##.#
..###r##..##.##.
.....og@....!...
<.###o##.(##.##.
.g #...# # ##
.......
+#.?.####
#W##..# #...##..
#.....##.#
#⌠.$♣!.⌠#.#


You could see Ijyb, an orc priest, an orc, a goblin and a rat.

Vanquished Creatures
  An ogre (D:2)
  A worker ant (D:2)
  An adder (D:2)
  An ooze (D:1)
  2 worms
  2 dart slugs (D:2)
  4 leopard geckos
  5 bats
  5 giant cockroaches
  7 goblins
  A hobgoblin (D:1)
  4 jackals (D:2)
  6 kobolds
  A quokka (D:2)
  6 frilled lizards
  4 rats
51 creatures vanquished.

Notes
Turn   | Place    | Note
-------+----------+-------------------------------------------
     0 | D:1      | robertstho the Merfolk Gladiator began the quest for the
                  | Orb.
     0 | D:1      | Reached XP level 1. HP: 16/16 MP: 1/1
    60 | D:1      | Reached XP level 2. HP: 22/22 MP: 2/2
   106 | D:1      | Reached skill level 5 in Polearms
   506 | D:1      | Reached XP level 3. HP: 28/28 MP: 3/3
  1206 | D:2      | Reached XP level 4. HP: 26/34 MP: 4/4
  1321 | D:2      | Noticed an ogre
  1331 | D:2      | Killed an ogre
  1331 | D:2      | Reached skill level 6 in Polearms
  1331 | D:2      | Reached skill level 5 in Dodging
  1331 | D:2      | Reached skill level 1 in Stealth
  1331 | D:2      | Reached XP level 5. HP: 40/40 MP: 5/5
  1998 | D:3      | Found a faded altar of an unknown god.
  2078 | D:3      | Noticed Ijyb
  2079 | D:3      | Noticed Sun's ghost (amateur KoDe)
  2080 | D:3      | Found a runed translucent door.
  2089 | D:3      | Blown up by Ijyb

Illustrated notes

Levels and vault maps discovered:
D:1:      dpeg_arrival_another_circle, layout_loops_ring
D:2:      layout_loops_ring, serial_rivers, chequers_serial_rivers_room_a,
          chequers_serial_rivers_large_b, chequers_serial_rivers_micro_c,
          chequers_serial_rivers_marsh, chequers_serial_rivers_micro_e,
          chequers_serial_rivers_small_3, kennysheep_generic_room_3
D:3:      layout_loops_corners, hellmonk_ghost_happy_afterlife,
          chequers_ecumenical_altar_simple_redux, uniq_ijyb, uniq_robin

Skill      XL: |  1  2  3  4  5 |
---------------+----------------+-----
Polearms       | 5 6 |  6.7
Dodging        | 5 |  5.3
Stealth        | 1 |  1.1
Fighting       | 3 |  3.0
Throwing       | |  2.1
Armour         | |  0.8

Action                   |  1- 3 |  4- 6 || total
-------------------------+-------+-------++-------
Melee: Trident           |   119 |    56 ||   175
  Use: Potion            |       |     3 ||     3
 Stab: Sleeping          |     1 |       ||     1
Armor: Leather armour    |    10 |       ||    10
       Ring mail         |    21 |     9 ||    30
Dodge: Dodged            |    64 |    23 ||    87

Table legend: (Time is in decaauts)
 A = Elapsed time spent in this place.
 B = Non-inter-level travel time spent in this place.
 C = Inter-level travel time spent in this place.
 D = Time resting spent in this place.
 E = Time spent auto-exploring this place.
 F = Levels seen in this place.
 G = Mean time per level.
                   A        B        C        D        E       F      G
               +--------+--------+--------+--------+--------+-----+--------+
         Total |   2057 |   1999 |     58 |      0 |   1669 |   3 |  685.7 |
       Dungeon |   2057 |   1999 |     58 |      0 |   1669 |   3 |  685.7 |
               +--------+--------+--------+--------+--------+-----+--------+

Top non-repeatable levels by time:
     D:2: 1080 daAuts
     D:1: 876 daAuts
     D:3: 100 daAuts
